AoeStats
← RIO1000

Runestones

507858203Analyzed
1v1 RM · 13d ago on Sep 20, 2026· 95m 7s· 2 players
Game mode
Random Map
Map size
Tiny (2 player)
Population
200
Speed
Normal
Resources
Standard
Victory
Conquest
Starting age
Dark Age
Ending age
Imperial Age
RankedLock teamsTeams togetherTeam positionsShared explorationLock speedFull tech treeHidden civsTurbo modeCheats
Victory
Defeat
🇨🇦 Persians · Canada
844
+17
🇲🇽 Franks · Mexico
855
-17
herves335
8:39 Loom
11:19 Feudal Age
12:04 Double-Bit Axe
14:59 Wheelbarrow
17:19 Castle Age
15:33 Horse Collar
18:32 Bow Saw
18:20 Gold Mining
21:20 Town Watch
22:06 Hand Cart
26:21 Forging
26:29 Bloodlines
26:54 Town Patrol
28:12 Husbandry
28:22 Scale Barding Armor
33:32 Iron Casting
33:18 Chain Barding Armor
32:49 Fletching
32:59 Padded Archer Armor
35:05 Parthian Tactics
36:09 Thumb Ring
37:18 Gold Shaft Mining
40:00 Imperial Age
39:55 Bodkin Arrow
39:54 Cavalier
41:03 Heavy Camel Rider
43:40 Blast Furnace
43:16 Plate Barding Armor
42:07 Heavy Cavalry Archer
43:32 Elite War Elephant
44:51 Leather Archer Armor
44:39 Savar
47:45 Conscription
52:42 Chemistry
54:50 Ring Archer Armor
54:45 Ballistics
61:28 Kamandaran
61:21 Crossbowman
62:51 Guard Tower
65:02 Light Cavalry
65:38 Hussar
77:40 Two-Man Saw
RIO1000
0:37 Loom
10:29 Feudal Age
10:15 Loom
10:57 Double-Bit Axe
16:25 Castle Age
18:24 Wheelbarrow
18:04 Bow Saw
20:55 Forging
21:07 Gold Mining
21:24 Husbandry
23:31 Iron Casting
23:53 Scale Barding Armor
24:09 Stone Mining
24:48 Squires
25:58 Chain Barding Armor
26:02 Pikeman
27:23 Scale Mail Armor
28:07 Arson
29:55 Hand Cart
29:57 Chain Mail Armor
33:00 Town Watch
33:23 Fletching
34:15 Gold Shaft Mining
34:26 Town Patrol
37:02 Imperial Age
36:11 Bodkin Arrow
37:12 Cavalier
37:17 Halberdier
38:34 Conscription
40:15 Blast Furnace
40:34 Plate Barding Armor
40:36 Chivalry
48:31 Man-at-Arms
49:15 Gambesons
50:39 Plate Mail Armor
54:14 Ballistics
53:24 Crossbowman
53:45 Light Cavalry
55:41 Chemistry
58:42 Man-at-Arms
73:10 Elite Skirmisher
81:04 Long Swordsman
Connection lost

Rejoining the realm…

Still unreachable

The connection could not be restored.

Session expired

The server has moved on; the page needs a fresh start.